HSSL
MASCONOMET HS CHIEFTANS @ TEMISKAMING DISTRICT SECONDARY SCHOOL SAINTS
05/11/2030
 
TOP OF THE 1ST
Masconomet HS Chieftans batting - Pitching for Temiskaming District Secondary School Saints : RHP Jason Martin
Pitching: RHP Jason Martin
Batting: RHB Otis Moore 0-0: Ball
1-0: Ground out 4-3 (Groundball, 4M)
Batting: RHB Robby Bailey 0-0: Called Strike
0-1: Fly out, F9 (Flyball, 9LS)
Batting: SHB Carl Savage 0-0: Fly out, F3 (Line Drive, 3)
Top of the 1st over - 0 runs, 0 hits, 0 errors, 0 left on base; Masconomet HS 0 - Temiskaming District Secondary School 0
BOTTOM OF THE 1ST
Temiskaming District Secondary School Saints batting - Pitching for Masconomet HS Chieftans : RHP Fred Hendricks
Pitching: RHP Fred Hendricks
Batting: RHB Dave Jones 0-0: Ball
1-0: Ball
2-0: Foul Ball, location: 2F
2-1: Ground out 5-3 (Groundball, 56S)
Batting: LHB Tony Proctor 0-0: Ball
1-0: Ball
2-0: Ball
3-0: Called Strike
3-1: Base on Balls
Batting: RHB Hilton Knowles 0-0: Ball
1-0: Ball
2-0: Foul Ball, location: 2F
2-1: Grounds into double play, 4-6-3 (Groundball, 4)
Bottom of the 1st over - 0 runs, 0 hits, 0 errors, 0 left on base; Masconomet HS 0 - Temiskaming District Secondary School 0
TOP OF THE 2ND
Masconomet HS Chieftans batting - Pitching for Temiskaming District Secondary School Saints : RHP Jason Martin
Batting: RHB Alec Bowers 0-0: Called Strike
0-1: Foul Ball, location: 2F
0-2: Foul Ball, location: 2F
0-2: Foul Ball, location: 2F
0-2: Foul Ball, location: 2F
0-2: Ball
1-2: Ball
2-2: Ball
3-2: SOLO HOME RUN (Flyball, 7D), Distance : 404 ft
Batting: RHB Tom Petersen 0-0: Ball
1-0: Foul Ball, location: 2F
1-1: Fly out, F7 (Flyball, 78S)
Batting: LHB Tommy McRath 0-0: Ball
1-0: Reached on error, E6 (Groundball, 6)
Batting: RHB Ross Thrower 0-0: Ball
1-0: Ground out 5-3 (Groundball, 5S)
Tommy McRath to second
Batting: LHB John Coffey 0-0: Ball
1-0: Called Strike
1-1: Ball
2-1: Called Strike
2-2: Ball
3-2: DOUBLE (Flyball, 8LXD)
Tommy McRath scores
Batting: RHB Jim Mann 0-0: Ball
1-0: Ball
2-0: Swinging Strike
2-1: Foul Ball, location: 2F
2-2: Foul Ball, location: 2F
2-2: Ball
3-2: Foul Ball, location: 2F
3-2: Fly out, F2 (Popup, 2R)
Top of the 2nd over - 2 runs, 2 hits, 1 error, 1 left on base; Masconomet HS 2 - Temiskaming District Secondary School 0
BOTTOM OF THE 2ND
Temiskaming District Secondary School Saints batting - Pitching for Masconomet HS Chieftans : RHP Fred Hendricks
Batting: RHB Ramón Cabrera 0-0: Called Strike
0-1: Swinging Strike
0-2: Ball
1-2: Strikes out swinging
Batting: LHB Juan Esparza 0-0: Swinging Strike
0-1: Ball
1-1: Foul Ball, location: 2F
1-2: SOLO HOME RUN (Flyball, 9LD), Distance : 375 ft
Pitching: RHP Javier Rodríguez
Batting: RHB Scott Roberts 0-0: Called Strike
0-1: Swinging Strike
0-2: SOLO HOME RUN (Flyball, 7LD), Distance : 360 ft
Batting: RHB Jim Prince 0-0: Ball
1-0: Foul Ball, location: 2F
1-1: Ball
2-1: Ball
3-1: DOUBLE (Flyball, 8RD)
Batting: RHB Glenn Hansen 0-0: Ball
1-0: Called Strike
1-1: Swinging Strike
1-2: Ball
2-2: Foul Ball, location: 2F
2-2: Ball
3-2: Ground out 6-3 (Groundball, 6)
Batting: RHB John Erickson 0-0: Ball
1-0: Called Strike
1-1: Foul Ball, location: 2F
1-2: Strikes out swinging
Bottom of the 2nd over - 2 runs, 3 hits, 0 errors, 1 left on base; Masconomet HS 2 - Temiskaming District Secondary School 2
TOP OF THE 3RD
Masconomet HS Chieftans batting - Pitching for Temiskaming District Secondary School Saints : RHP Jason Martin
Batting: RHB Otis Moore 0-0: Called Strike
0-1: Ball
1-1: SINGLE (Line Drive, 7LM)
Batting: RHB Robby Bailey 0-0: Ball
1-0: Fly out, F4 (Popup, 4M)
Batting: SHB Carl Savage 0-0: Foul Ball, location: 2F
0-1: Foul Ball, location: 2F
0-2: Fielders Choice at 2nd, 6-4 (Groundball, 6)
Batting: RHB Alec Bowers 0-0: Called Strike
0-1: Ball
1-1: Ball
2-1: Ball
3-1: Called Strike
3-2: Fly out, F8 (Flyball, 8LD)
Top of the 3rd over - 0 runs, 1 hit, 0 errors, 1 left on base; Masconomet HS 2 - Temiskaming District Secondary School 2
BOTTOM OF THE 3RD
Temiskaming District Secondary School Saints batting - Pitching for Masconomet HS Chieftans : RHP Javier Rodríguez
Batting: RHB Dave Jones 0-0: Called Strike
0-1: SINGLE (Line Drive, 56D)
Batting: LHB Tony Proctor 0-0: Ball
1-0: Ball
2-0: Swinging Strike
2-1: Fly out, F7 (Flyball, 7D)
Batting: RHB Hilton Knowles 0-0: Called Strike
0-1: Ball
1-1: Ball
2-1: Ball
3-1: SINGLE (Line Drive, 89S)
Dave Jones to second
Runner from 2nd tries for 3rd, SAFE, no throw
Batting: RHB Ramón Cabrera 0-0: Ball
1-0: Ball
Hilton Knowles is caught stealing 2nd base
2-0: SINGLE (Line Drive, 8RS)
Dave Jones scores
Pitching: LHP Chris Bryant
Batting: LHB Juan Esparza 0-0: Fly out, F7 (Line Drive, 7)
Bottom of the 3rd over - 1 run, 3 hits, 0 errors, 1 left on base; Masconomet HS 2 - Temiskaming District Secondary School 3
TOP OF THE 4TH
Masconomet HS Chieftans batting - Pitching for Temiskaming District Secondary School Saints : RHP Jason Martin
Batting: RHB Tom Petersen 0-0: Ball
1-0: Foul Ball, location: 2F
1-1: Foul Ball, location: 2F
1-2: Strikes out swinging, 2-3 out at first.
Batting: LHB Tommy McRath 0-0: Ground out 6-3 (Groundball, 6)
Batting: RHB Ross Thrower 0-0: Swinging Strike
0-1: Ball
1-1: Called Strike
1-2: Strikes out swinging
Top of the 4th over - 0 runs, 0 hits, 0 errors, 0 left on base; Masconomet HS 2 - Temiskaming District Secondary School 3
BOTTOM OF THE 4TH
Temiskaming District Secondary School Saints batting - Pitching for Masconomet HS Chieftans : LHP Chris Bryant
Batting: RHB Scott Roberts 0-0: Ball
1-0: Ball
2-0: Ball
3-0: Base on Balls
Batting: RHB Jim Prince 0-0: Ball
1-0: DOUBLE (Groundball, 3L)
Scott Roberts to third
Batting: RHB Glenn Hansen 0-0: Ball
1-0: Called Strike
1-1: Ball
2-1: SINGLE (Flyball, 89S)
Scott Roberts scores
Jim Prince to third
Batting: RHB John Erickson 0-0: Ball
1-0: Grounds into double play, 1-6-3 (Groundball, 13S)
Batting: RHB Dave Jones 0-0: Ball
1-0: Foul Ball, location: 2F
1-1: Ground out 6-3 (Groundball, 6)
Bottom of the 4th over - 1 run, 2 hits, 0 errors, 1 left on base; Masconomet HS 2 - Temiskaming District Secondary School 4
TOP OF THE 5TH
Masconomet HS Chieftans batting - Pitching for Temiskaming District Secondary School Saints : RHP Jason Martin
Batting: LHB John Coffey 0-0: Called Strike
0-1: Ball
1-1: Swinging Strike
1-2: Ball
2-2: Ground out 3-1 (Groundball, 34S)
Batting: RHB Jim Mann 0-0: Ball
1-0: Ball
2-0: Ball
3-0: Called Strike
3-1: SINGLE (Groundball, 4MD)
Batting: RHB Otis Moore 0-0: Ball
1-0: Ball
2-0: Ball
3-0: Base on Balls
Jim Mann to second
Batting: RHB Robby Bailey 0-0: Ball
1-0: Foul Ball, location: 2F
1-1: Ball
2-1: Foul Ball, location: 2F
2-2: Ball
3-2: Foul Ball, location: 2F
3-2: Grounds into double play, 4-6-3 (Groundball, 4)
Top of the 5th over - 0 runs, 1 hit, 0 errors, 1 left on base; Masconomet HS 2 - Temiskaming District Secondary School 4
BOTTOM OF THE 5TH
Temiskaming District Secondary School Saints batting - Pitching for Masconomet HS Chieftans : LHP Chris Bryant
Batting: LHB Tony Proctor 0-0: Ball
1-0: Called Strike
1-1: Called Strike
1-2: Strikes out swinging
Batting: RHB Hilton Knowles 0-0: Foul Ball, location: 2F
0-1: Ball
1-1: Called Strike
1-2: Ball
2-2: Strikes out swinging
Batting: RHB Ramón Cabrera 0-0: DOUBLE (Line Drive, 9LM)
Batting: LHB Juan Esparza 0-0: Ball
1-0: Ball
2-0: Ball
3-0: Base on Balls
Batting: RHB Scott Roberts 0-0: Swinging Strike
0-1: SINGLE (Line Drive, 6MD)
Ramón Cabrera to third
Juan Esparza to second
Batting: RHB Jim Prince 0-0: Called Strike
0-1: Foul Ball, location: 2F
0-2: Ball
1-2: SINGLE (Line Drive, 6M)
Ramón Cabrera scores
Juan Esparza to third
Scott Roberts to second
Runner from 3rd tries for Home, SAFE, no throw
Batting: RHB Glenn Hansen 0-0: SINGLE (Groundball, 34) (infield hit)
Scott Roberts to third
Jim Prince to second
Batting: RHB John Erickson 0-0: Ball
1-0: Swinging Strike
1-1: Ball
2-1: Swinging Strike
2-2: Strikes out looking
Bottom of the 5th over - 2 runs, 4 hits, 0 errors, 3 left on base; Masconomet HS 2 - Temiskaming District Secondary School 6
TOP OF THE 6TH
Masconomet HS Chieftans batting - Pitching for Temiskaming District Secondary School Saints : RHP Jason Martin
Batting: SHB Carl Savage 0-0: Ball
1-0: Foul Ball, location: 2F
1-1: SINGLE (Groundball, 6D)
Pitching: RHP Steve Williams
Batting: RHB Alec Bowers 0-0: Ball
1-0: Swinging Strike
1-1: Ball
2-1: Swinging Strike
2-2: Ball
3-2: Strikes out swinging
Batting: RHB Tom Petersen 0-0: Swinging Strike
0-1: Ball
1-1: Grounds into double play, 5-4-3 (Groundball, 56)
Top of the 6th over - 0 runs, 1 hit, 0 errors, 0 left on base; Masconomet HS 2 - Temiskaming District Secondary School 6
BOTTOM OF THE 6TH
Temiskaming District Secondary School Saints batting - Pitching for Masconomet HS Chieftans : LHP Chris Bryant
Batting: RHB Dave Jones 0-0: Called Strike
0-1: Ground out 4-3 (Groundball, 34)
Batting: LHB Tony Proctor 0-0: Ball
1-0: DOUBLE (Groundball, 3L)
Batting: RHB Hilton Knowles 0-0: Intentional Walk
Pitching: LHP Steve Tanner
Batting: RHB Ramón Cabrera 0-0: Ball
1-0: Ball
2-0: Called Strike
2-1: SINGLE (Groundball, 3D)
Tony Proctor to third
Hilton Knowles to second
Batting: LHB Juan Esparza 0-0: Ball
1-0: Ball
2-0: Ball
3-0: Base on Balls
Tony Proctor scores
Hilton Knowles to third
Ramón Cabrera to second
Batting: RHB Scott Roberts 0-0: Foul Ball, location: 2F
0-1: Ball
1-1: Ball
2-1: Swinging Strike
2-2: SINGLE (Groundball, 34D)
Hilton Knowles scores
Ramón Cabrera to third
Juan Esparza to second
Batting: RHB Jim Prince 0-0: Called Strike
0-1: SINGLE (Groundball, 56D)
Ramón Cabrera scores
Juan Esparza to third
Scott Roberts to second
Runner from 3rd tries for Home, SAFE, throw made home
Batting: RHB Glenn Hansen 0-0: Ball
1-0: Called Strike
1-1: 3-RUN HOME RUN (Flyball, 7LD), Distance : 348 ft
Batting: RHB John Erickson 0-0: Fly out, F7 (Flyball, 78D)
Batting: RHB Dave Jones 0-0: SINGLE (Line Drive, 4MD)
Batting: LHB Tony Proctor 0-0: SINGLE (Flyball, 9S)
Dave Jones to second
Runner from 2nd tries for 3rd, SAFE, no throw
Batting: RHB Hilton Knowles 0-0: Ball
1-0: Ball
2-0: Foul Ball, location: 2F
2-1: Ball
3-1: Foul Ball, location: 2F
3-2: TRIPLE (Flyball, 89D)
Dave Jones scores
Tony Proctor scores
Batting: RHB Ramón Cabrera 0-0: Foul Ball, location: 2F
0-1: Called Strike
0-2: Ball
1-2: Ball
2-2: Ball
3-2: Base on Balls
Batting: LHB Juan Esparza 0-0: Ball
1-0: Called Strike
1-1: Ground out 4-3 (Groundball, 4)
Bottom of the 6th over - 9 runs, 8 hits, 0 errors, 2 left on base; Masconomet HS 2 - Temiskaming District Secondary School 15
TOP OF THE 7TH
Masconomet HS Chieftans batting - Pitching for Temiskaming District Secondary School Saints : RHP Steve Williams
Batting: LHB Tommy McRath 0-0: DOUBLE (Line Drive, 7LM)
Batting: RHB Ross Thrower 0-0: Ball
1-0: Ball
2-0: Ball
3-0: Base on Balls
Batting: LHB John Coffey 0-0: Swinging Strike
0-1: Swinging Strike
0-2: Ball
1-2: Strikes out swinging
Batting: RHB Jim Mann 0-0: Foul Ball, location: 2F
0-1: Called Strike
0-2: Strikes out swinging
Batting: RHB Otis Moore 0-0: Called Strike
0-1: Ball
1-1: Ball
2-1: Foul Ball, location: 2F
2-2: Ball
3-2: Base on Balls
Tommy McRath to third
Ross Thrower to second
Batting: RHB Robby Bailey 0-0: Ball
1-0: Foul Ball, location: 2F
1-1: Called Strike
1-2: Strikes out looking
Top of the 7th over - 0 runs, 1 hit, 0 errors, 3 left on base; Masconomet HS 2 - Temiskaming District Secondary School 15
BOTTOM OF THE 7TH
Temiskaming District Secondary School Saints batting - Pitching for Masconomet HS Chieftans : LHP Steve Tanner
Batting: RHB Scott Roberts 0-0: Ball
1-0: Called Strike
1-1: Ball
2-1: Ground out 3-1 (Groundball, 34)
Batting: RHB Jim Prince 0-0: Ball
1-0: Ground out 4-3 (Groundball, 4)
Batting: RHB Glenn Hansen 0-0: Called Strike
0-1: Foul Ball, location: 2F
0-2: Hit by Pitch
Batting: RHB John Erickson 0-0: Called Strike
0-1: Foul Ball, location: 2F
0-2: SINGLE (Flyball, 8LS)
Glenn Hansen to second
Glenn Hansen to third
Batting: RHB Dave Jones 0-0: Ball
1-0: Foul Ball, location: 2F
1-1: Called Strike
1-2: Ball
2-2: Fielders Choice at 2nd, 5-4 (Groundball, 56)
Bottom of the 7th over - 0 runs, 1 hit, 0 errors, 2 left on base; Masconomet HS 2 - Temiskaming District Secondary School 15
TOP OF THE 8TH
Masconomet HS Chieftans batting - Pitching for Temiskaming District Secondary School Saints : RHP Steve Williams
Batting: SHB Carl Savage 0-0: Ball
1-0: Foul Ball, location: 2F
1-1: Foul Ball, location: 2F
1-2: Foul Ball, location: 2F
1-2: Foul Ball, location: 2F
1-2: Strikes out looking
Batting: RHB Alec Bowers 0-0: Called Strike
0-1: Ground out 3-1 (Groundball, 34S)
Batting: RHB Tom Petersen 0-0: Ball
1-0: Called Strike
1-1: Ground out 5-3 (Groundball, 56)
Top of the 8th over - 0 runs, 0 hits, 0 errors, 0 left on base; Masconomet HS 2 - Temiskaming District Secondary School 15
BOTTOM OF THE 8TH
Temiskaming District Secondary School Saints batting - Pitching for Masconomet HS Chieftans : LHP Steve Tanner
Batting: LHB Tony Proctor 0-0: Swinging Strike
0-1: Swinging Strike
0-2: Foul Ball, location: 2F
0-2: Ball
1-2: Foul Ball, location: 2F
1-2: Foul Ball, location: 2F
1-2: Foul Ball, location: 2F
1-2: Ball
2-2: Fly out, F4 (Popup, 4D)
Batting: RHB Hilton Knowles 0-0: Ball
1-0: Foul Ball, location: 2F
1-1: Foul Ball, location: 2F
1-2: SINGLE (Line Drive, 5D)
Batting: RHB Ramón Cabrera 0-0: Ball
1-0: Called Strike
1-1: SINGLE (Groundball, 6MD)
Hilton Knowles to second
Runner from 2nd tries for 3rd, SAFE, throw made to third
Pinch Runner at 3rd Jorge Manuel:
Batting: LHB Juan Esparza 0-0: Ball
1-0: Foul Ball, location: 2F
1-1: Foul Ball, location: 2F
1-2: Ball
2-2: Strikes out swinging
Batting: RHB Scott Roberts Pickoff Throw to First - Out!
Bottom of the 8th over - 0 runs, 2 hits, 0 errors, 1 left on base; Masconomet HS 2 - Temiskaming District Secondary School 15
TOP OF THE 9TH
Masconomet HS Chieftans batting - Pitching for Temiskaming District Secondary School Saints : RHP Steve Williams
Now at 2B: Jorge Manuel
Batting: LHB Tommy McRath 0-0: Called Strike
0-1: Called Strike
0-2: Strikes out swinging
Pitching: LHP Luis Varela
Batting: RHB Ross Thrower 0-0: Called Strike
0-1: Ball
1-1: Ball
2-1: Ball
3-1: Swinging Strike
3-2: Base on Balls
Batting: LHB John Coffey 0-0: Ball
1-0: Ball
2-0: Ball
3-0: Base on Balls
Ross Thrower to second
Batting: RHB Jim Mann 0-0: Ball
1-0: Foul Ball, location: 2F
1-1: Foul Ball, location: 2F
1-2: Ball
2-2: Strikes out swinging
Batting: RHB Otis Moore 0-0: Called Strike
0-1: Swinging Strike
0-2: Foul Ball, location: 2F
0-2: Ball
1-2: Ground out 4-3 (Groundball, 4)
Top of the 9th over - 0 runs, 0 hits, 0 errors, 2 left on base; Masconomet HS 2 - Temiskaming District Secondary School 15
Saturday, April 7th, 2018 - OOTP Baseball 18.8 Build 76